 Dungeon Crawl Stone Soup version 0.28-a0-909-g796cbd3a86 (webtiles) character file.

Game seed: 7541860345761548172

514 bande the Covered (level 7, 0/44 HPs)
             Began as a Gargoyle Fighter on Nov 24, 2021.
             Slain by an orc warrior (17 damage)
             ... on level 8 of the Dungeon.
             The game lasted 00:06:54 (4555 turns).

bande the Covered (Gargoyle Fighter)                Turns: 4555, Time: 00:06:55

Health: 0/44       AC: 17    Str: 21    XL:     7   Next: 20%
Magic:  7/7        EV:  7    Int:  8    God:
Gold:   85         SH:  4    Dex: 10    Spells: 6/6 levels left

rFire   . . .      SeeInvis .   a - +1 war axe
rCold   . . .      Faith    .   c - +0 buckler
rNeg    + . .      Spirit   .   j - +0 chain mail
rPois   ∞          Reflect  .   i - +2 helmet
rElec   +          Harm     .   (no cloak)
rCorr   .          Rampage  .   (no gloves)
Will    .....                   (no boots)
Stlth   ..........              (no amulet)
HPRegen 0.14/turn               (no ring)
MPRegen 0.10/turn               (no ring)

@: no status effects
A: sickness immunity, AC +4, negative energy resistance 1, electricity
resistance, torment resistance 1, petrification resistance
a: no special abilities


You were on level 8 of the Dungeon.
You visited 1 branch of the dungeon, and saw 6 of its levels.

You collected 173 gold pieces.
You spent 88 gold pieces at shops.

Inventory:

Hand Weapons
 a - a +1 war axe (weapon)
 b - a +0 vorpal broad axe
 d - a +0 flail
Armour
 c - a +0 buckler (worn)
 i - a +2 helmet (worn)
 j - a +0 chain mail (worn)
Wands
 f - a wand of flame (17)
 l - a wand of acid (11)
Scrolls
 g - 2 scrolls of enchant weapon
 h - a scroll of teleportation
Potions
 k - a potion of resistance


   Skills:
 + Level 4.5 Fighting
 + Level 4.8 Axes
 + Level 5.0 Armour
 - Level 0.2 Stealth
 + Level 4.2 Shields
 * Level 0.8 Evocations


You had 6 spell levels left.
You didn't know any spells.
Your spell library contained the following spells:

 Spells                   Type           Power      Damage    Failure   Level
 Call Canine Familiar     Summ           0%         N/A       100%        3
 Portal Projectile        Hex/Tloc       0%         N/A       100%        3
 Leda's Liquefaction      Hex/Erth       0%         N/A       100%        4


Dungeon Overview and Level Annotations

Branches:
Dungeon (8/15)
 Temple: D:4-7         Lair: D:8-11

Altars:
Dithmenos
Beogh

Shops:
D:4 (


Innate Abilities, Weirdness & Mutations

You are immune to sickness and miasma.
Your stone body is resilient. (AC +4)
You are immune to poison.
You resist negative energy. (rN+)
You are resistant to electric shocks. (rElec)
You are resistant to unholy torment.
You are immune to petrification.


Message History

You hit the howler monkey.
The howler monkey is moderately wounded.
You hear a zap.
You hear a grinding noise.
The howler monkey hits you but does no damage.
You hit the howler monkey but do no damage.
The howler monkey is moderately wounded.
You block the howler monkey's attack.
You hear a zap.
You hear a grinding noise.
The howler monkey hits you but does no damage.
You hit the howler monkey.
The howler monkey is heavily wounded.
The howler monkey hits you.
You closely miss the howler monkey.
The howler monkey is heavily wounded.
The howler monkey hits you but does no damage.
You hear a zap.
You hear a grinding noise.
The howler monkey barely misses you.
You slash the howler monkey!
You kill the howler monkey!
You see here a black bear corpse.
An orc warrior comes into view. It is wielding a +0 battleaxe.
There is a stone staircase leading up here.
An orc warrior is nearby!
An orc comes into view. It is wielding a +0 club.
An orc wizard comes into view. It is wielding a +0 dagger.
The orc warrior hits you with a +0 battleaxe.
You barely miss the orc warrior.
The orc wizard shouts!
You block the orc warrior's attack.
An orc wizard comes into view. It is wielding a +0 dagger.
You closely miss the orc warrior.
The orc warrior hits you with a +0 battleaxe!
A howler monkey zombie comes into view.
The orc wizard casts a spell.
The orc wizard flickers and vanishes!
Deactivating autopickup; reactivate with Ctrl-A.
You slash the orc warrior!
The orc warrior is heavily wounded.
The orc warrior hits you with a +0 battleaxe!
You die...

## # #.###.
#.#.#####.#
#.†......#
#..# #.†#
#########.<#
Zo{.o>o@...#
#########..#
....# #...##
#..## #..
... ##..


You could see an orc warrior, an orc wizard, an orc and a howler monkey zombie.

Vanquished Creatures
  The ghost of sirJeffrey23 the Cutter, an amateur DsGl of Makhleb (D:2)
  A black bear (D:8)
  A scorpion (D:3)
  A howler monkey (D:8)
  Terence (D:2)
  Robin (D:1)
  5 adders
  An ufetubus (D:4)
  A dart slug (D:1)
  8 orcs
  8 ball pythons
  7 bats
  5 endoplasms
  3 giant cockroaches
  18 goblins
  10 hobgoblins
  7 jackals (D:2)
  4 kobolds
  6 quokkas
  4 frilled lizards
  9 rats
102 creatures vanquished.

Notes
Turn   | Place    | Note
-------+----------+-------------------------------------------
     0 | D:1      | bande the Gargoyle Fighter began the quest for the Orb.
     0 | D:1      | Reached XP level 1. HP: 14/14 MP: 1/1
    68 | D:1      | Reached XP level 2. HP: 19/19 MP: 2/2
   314 | D:1      | Reached XP level 3. HP: 23/23 MP: 3/3
   762 | D:2      | Noticed Robin
  1119 | D:1      | Killed Robin
  1120 | D:1      | Reached XP level 4. HP: 21/29 MP: 4/4
  1634 | D:2      | Noticed Terence
  1640 | D:2      | Reached skill level 4 in Armour
  1646 | D:2      | Killed Terence
  1825 | D:2      | Found a shadowy altar of Dithmenos.
  1839 | D:2      | Reached XP level 5. HP: 30/33 MP: 5/5
  3039 | D:3      | Reached XP level 6. HP: 38/38 MP: 6/6
  3085 | D:3      | Found a runed translucent gate.
  3085 | D:3      | Found a runed translucent gate.
  3086 | D:3      | Found a runed translucent gate.
  3086 | D:3      | Noticed sirJeffrey23's ghost (amateur DsGl)
  3088 | D:3      | Identified the +4 scale mail of Heag {rF+ Int+4 Slay+3}
  3433 | D:2      | Killed sirJeffrey23's ghost
  3948 | D:4      | Found Zaoppum's Weapon Boutique.
  3961 | D:4      | Bought a +0 vorpal broad axe for 88 gold pieces
  4144 | D:4      | You fall into a shaft and drop 3 floors!
  4188 | D:7      | Noticed a steam dragon
  4190 | D:7      | Noticed a necrophage
  4351 | D:8      | Noticed a black bear
  4367 | D:8      | Killed a black bear
  4368 | D:8      | Reached skill level 5 in Armour
  4368 | D:8      | Reached XP level 7. HP: 11/44 MP: 7/7
  4555 | D:8      | Slain by an orc warrior

Illustrated notes

Levels and vault maps discovered:
D:1:      kennysheep_arrival_seaside, layout_rooms, st_stairs_9
D:2:      layout_basic, basic_altar, uniq_terence, uniq_robin
D:3:      minmay_chambers_of_twos, layout_basic, biasface_ghost_orc_armoury
D:4:      layout_rooms, serial_shops, shop, kennysheep_diamond
D:7:      layout_basic, uniq_harold, uniq_maggie
D:8:      layout_loops_ring, nicolae_qazlal_general_emergency,
          uniq_prince_ribbit1, uniq_grum

Skill      XL: |  1  2  3  4  5  6 |
---------------+-------------------+-----
Axes           | 2 3 4 |  4.8
Armour         | 4 5 |  5.0
Fighting       | 4 |  4.5
Shields        | 4 |  4.2
Stealth        | |  0.2
Evocations     | |  0.8

Action                   |  1- 3 |  4- 6 |  7- 9 || total
-------------------------+-------+-------+-------++-------
Melee: War axe           |    88 |   181 |     8 ||   277
  Use: Scroll            |       |    11 |       ||    11
       Potion            |       |     3 |       ||     3
Armor: Scale mail        |    71 |    38 |       ||   109
       Chain mail        |       |   115 |     3 ||   118
       Skin              |       |     1 |       ||     1
Dodge: Dodged            |    59 |    91 |     1 ||   151
Block: Buckler           |    35 |    51 |     2 ||    88

Table legend: (Time is in decaauts)
 A = Elapsed time spent in this place.
 B = Non-inter-level travel time spent in this place.
 C = Inter-level travel time spent in this place.
 D = Time resting spent in this place.
 E = Time spent auto-exploring this place.
 F = Levels seen in this place.
 G = Mean time per level.
                   A        B        C        D        E       F      G
               +--------+--------+--------+--------+--------+-----+--------+
         Total |   4660 |   4541 |    119 |   1300 |   2371 |   6 |  776.7 |
       Dungeon |   4660 |   4541 |    119 |   1300 |   2371 |   6 |  776.7 |
               +--------+--------+--------+--------+--------+-----+--------+

Top non-repeatable levels by time:
     D:2: 1503 daAuts
     D:1: 1290 daAuts
     D:3: 1251 daAuts
     D:8: 347 daAuts
     D:4: 199 daAuts
     D:7: 68 daAuts
